AoeStats
← felip3.diaz

Fortress

509758173Analyzed
3v3 RM · 3d ago on Sep 27, 2026· 57m 9s· 6 players
Game mode
Random Map
Map size
Large (8 player)
Population
200
Speed
Normal
Resources
Standard
Victory
Conquest
Starting age
Dark Age
Ending age
Imperial Age
RankedLock teamsTeams togetherTeam positionsShared explorationLock speedFull tech treeHidden civsTurbo modeCheats
Victory
Defeat
🇺🇸 Mongols · United States
922
+17
🇺🇸 Goths · United States
895
+18
🇺🇸 Berbers · United States
803
+22
🇨🇴 Turks · Colombia
971
-20
🇨🇴 Britons · Colombia
961
-20
🇪🇸 Khmer · Spain
896
-17
platty
8:29 Feudal Age
9:57 Double-Bit Axe
13:53 Castle Age
14:05 Gold Mining
14:06 Stone Mining
15:35 Wheelbarrow
15:54 Bow Saw
17:00 Light Cavalry
20:49 Forging
20:45 Scale Barding Armor
21:00 Hand Cart
21:52 Horse Collar
22:55 Bloodlines
22:46 Husbandry
24:50 Chain Barding Armor
25:06 Iron Casting
29:05 Kasbah
31:41 Imperial Age
31:34 Gold Shaft Mining
31:34 Stone Shaft Mining
31:01 Heavy Plow
30:57 Loom
33:32 Crop Rotation
32:31 Hussar
41:36 Ballistics
41:28 Heavy Camel Rider
49:46 Plate Barding Armor
50:12 Blast Furnace
51:27 Caravan
56:37 Caravan
jkulik11
3:04 Loom
7:47 Feudal Age
8:49 Double-Bit Axe
11:59 Wheelbarrow
11:14 Horse Collar
15:08 Castle Age
13:29 Gold Mining
15:39 Forging
15:30 Scale Mail Armor
17:58 Chain Mail Armor
21:41 Hand Cart
22:07 Bow Saw
22:00 Heavy Plow
23:09 Iron Casting
28:35 Imperial Age
29:13 Elite Huskarl
34:18 Blast Furnace
37:41 Pikeman
38:50 Halberdier
42:01 Anarchy
42:05 Perfusion
44:23 Conscription
52:48 Squires
Profucius9933
7:18 Feudal Age
8:34 Double-Bit Axe
8:31 Horse Collar
12:35 Castle Age
13:12 Castle Age
12:21 Wheelbarrow
12:04 Fletching
12:14 Padded Archer Armor
12:30 Padded Archer Armor
14:34 Bow Saw
16:35 Heavy Plow
18:09 Forging
18:04 Scale Barding Armor
18:33 Bloodlines
18:24 Husbandry
18:48 Light Cavalry
22:40 Hand Cart
22:53 Leather Archer Armor
29:41 Imperial Age
30:19 Bodkin Arrow
31:15 Elite Mangudai
33:29 Hoardings
34:08 Hussar
35:00 Thumb Ring
34:53 Gold Mining
36:23 Iron Casting
36:08 Chain Barding Armor
35:49 Bracer
36:16 Ballistics
41:01 Blast Furnace
41:04 Chemistry
40:18 Masonry
52:09 Conscription
52:14 Drill
felip3.diaz
8:16 Feudal Age
13:03 Castle Age
11:21 Double-Bit Axe
15:49 Padded Archer Armor
19:03 Yeomen
24:34 Pikeman
26:58 Ballistics
27:10 Squires
28:31 Fletching
28:56 Leather Archer Armor
29:53 Elite Skirmisher
34:14 Bodkin Arrow
40:43 Imperial Age
40:03 Wheelbarrow
43:58 Conscription
49:50 Halberdier
juandaosp12
7:31 Feudal Age
11:36 Castle Age
10:17 Padded Archer Armor
10:30 Forging
11:19 Double-Bit Axe
23:59 Bloodlines
25:52 Ballistics
26:08 Fletching
28:50 Husbandry
34:37 Imperial Age
32:54 Bow Saw
45:46 Loom
46:37 Wheelbarrow
45:56 Gold Mining
45:56 Stone Mining
48:40 Scale Barding Armor
52:59 Sipahi
sebastianmedina9725
0:27 Loom
7:19 Feudal Age
8:19 Horse Collar
8:26 Double-Bit Axe
10:28 Stone Mining
10:29 Gold Mining
16:00 Castle Age
17:56 Gold Shaft Mining
17:57 Stone Shaft Mining
17:25 Heavy Plow
17:38 Bow Saw
19:17 Tusk Swords
33:14 Imperial Age
34:01 Heavy Scorpion
35:01 Scale Barding Armor
34:56 Scale Mail Armor
35:07 Forging
34:48 Fletching
34:58 Padded Archer Armor
36:01 Chemistry
35:22 Ballistics
36:05 Double Crossbow
35:25 Elite Ballista Elephant
40:00 Chain Barding Armor
39:55 Chain Mail Armor
40:16 Iron Casting
39:36 Bodkin Arrow
39:57 Leather Archer Armor
Connection lost

Rejoining the realm…

Still unreachable

The connection could not be restored.

Session expired

The server has moved on; the page needs a fresh start.